Map: Newkirk Precinct TE (Void)

Players

Musumeci

  • Race: Zerg Zerg
  • League: Diamond
  • Spawn Location: 5:00

AlphaÄffchen - Winner!

  • Race: Terran Terran
  • League: Diamond
  • Spawn Location: 7:00

VOD

Have the link to the VOD?

Description

Time

  • Played on: Feb. 8, 2017, 1:02 p.m.
  • Length: 17:30
Show
View Real Time Build Order
Export as new Build Order

Musumeci Zerg 

Build Orders: Pool First 

Get SALT Encoding   

  12  0:05  Drone  
  13  0:08  Drone  
  14  0:19  Drone, Extractor  
  15  0:52  Spawning Pool  
  14  1:03  Overlord  
  14  1:08  Hatchery  
  13  1:31  Hatchery  
  12  1:39  Zergling x4  
  14  1:43  Zergling x2  
  15  1:50  Zergling x2  
  16  2:02  Zergling x2  
  17  2:12  Zergling x2  
  18  2:24  Zergling x2  
  18  2:25  Zergling x2  
  20  2:32  Zergling x2  
  21  2:50  Zergling x2  
  21  2:51  Queen  
  21  2:57  Drone x5  
  21  2:58  Drone  
  29  3:06  Zergling x2  
  30  3:14  Spine Crawler  
  30  3:19  Zergling x2  
  30  3:27  Zergling x2  
  26  3:35  Zergling x2  
  26  3:36  Zergling x10  
  23  3:55  Drone  
  23  3:56  Drone x3  
  23  4:01  Drone x2  
  30  4:15  Spine Crawler  
  30  4:16  Spine Crawler  
  27  4:18  Drone  
  27  4:21  Roach Warren  
  27  4:23  Extractor  
  23  4:42  Drone x3, Extractor  
  23  4:43  Drone x3  
  25  4:46  Zergling x2  
  26  5:20  Overlord x3  
  26  5:38  Queen x2  
  30  5:48  Spine Crawler x2  
  30  5:49  Spine Crawler  
  26  5:52  Drone  
  26  5:53  Drone x5  
  32  6:11  Roach x2  
  36  6:19  Drone x2, Extractor  
  36  6:23  Queen x2  
  41  6:31  Ravager x2  
  43  6:47  Overlord  
  43  6:48  Overlord  
  43  7:09  Lair  
  43  7:12  Drone x7  
  50  7:21  Drone  
  50  7:22  Drone x3  
  54  7:25  Hatchery  
  53  7:53  Evolution Chamber  
  53  7:54  Evolution Chamber  
  53  7:58  Roach x3  
  57  7:59  Overlord x3  
  57  8:06  Drone  
  57  8:07  Drone x2  
  60  8:13  Spore Crawler x2  
  60  8:16  Spore Crawler  
  60  8:17  Drone x3  
  60  8:18  Drone, Spore Crawler  
  60  8:20  Zerg Missile Weapons Level 1  
  60  8:21  Extractor  
  60  8:22  Ravager  
  60  8:24  Drone  
  61  8:30  Zerg Ground Armor Level 1  
  61  8:40  Ravager x2  
  63  8:53  Drone x10  
  63  8:54  Overlord  
  73  9:15  Drone x2  
  73  9:16  Glial Reconstitution, Drone  
  76  9:18  Roach  
  76  9:19  Roach x4  
  84  9:30  Evolution Chamber  
  76  9:42  Drone x11  
  88  9:59  Roach x3  
  98  10:00  Roach x2  
  98  10:01  Overlord x3  
  93  10:19  Drone x6  
  98  10:42  Extractor  
  97  10:43  Extractor  
  97  10:48  Ravager x10  
  97  10:49  Roach  
  116  10:50  Roach x7  
  116  10:56  Zerg Missile Weapons Level 2, Zerg Ground Armor Level 2  
  121  11:34  Overlord x5  
  121  11:42  Overlord x3  
  121  11:43  Overlord  
  94  12:12  Roach x8  
  94  12:13  Roach x12  
  100  12:38  Ravager x8  
  100  12:39  Ravager x5  
  100  12:40  Ravager  
  114  13:00  Extractor  
  114  13:02  Hatchery, Roach  
  114  13:03  Roach x7  
  128  13:06  Hatchery  
  127  13:18  Spore Crawler  
  126  13:24  Extractor  
  125  13:29  Ravager  
  125  13:31  Roach  
  125  13:32  Roach x2, Overlord x3  
  132  13:34  Ravager  
  132  13:35  Ravager x4  
  132  13:36  Ravager  
  138  13:42  Infestation Pit  
  137  14:04  Tunneling Claws  
  137  14:05  Burrow  
  137  14:07  Roach x4  
  145  14:10  Ravager x2  
  145  14:12  Drone  
  145  14:15  Drone  
  146  14:43  Ravager x2  
  146  14:44  Ravager x5  
  127  14:50  Roach x6  
  127  14:51  Roach  
  126  15:02  Roach x3  
  126  15:06  Roach  
  122  15:11  Ravager x6  
  119  15:20  Drone x4  
  108  15:43  Ravager  
  108  15:45  Ravager  
  91  15:59  Roach x11  
  81  16:09  Roach  
  81  16:10  Roach x3  
  89  16:21  Ravager x11  
  100  16:34  Roach x3  
  94  16:44  Queen x2  
  65  17:00  Roach x11  
Show
View Real Time Build Order
Export as new Build Order

AlphaÄffchen Terran - Winner!

Build Orders: Cyclone Opening, Mech 

Get SALT Encoding   

  12  0:01  SCV  
  13  0:13  SCV  
  14  0:19  Supply Depot  
  14  0:25  SCV  
  15  0:29  Refinery  
  15  0:40  SCV  
  16  0:46  Barracks  
  16  0:52  SCV  
  17  1:04  SCV  
  18  1:16  SCV  
  19  1:28  SCV  
  20  1:33  Reaper  
  21  1:41  Orbital Command  
  21  1:59  Command Center  
  21  2:05  Marine  
  22  2:10  Factory  
  22  2:16  Supply Depot  
  22  2:23  Barracks Reactor  
  22  2:26  SCV  
  23  2:38  SCV  
  23  2:40  Refinery  
  23  2:56  Cyclone  
  26  3:01  Marine x2  
  26  3:02  Command Center  
  28  3:19  Marine x2  
  30  3:34  Cyclone  
  31  3:37  Marine x2  
  30  3:45  SCV  
  27  3:55  Marine x2  
  28  3:57  SCV  
  29  4:13  SCV  
  29  4:14  Orbital Command  
  30  4:27  SCV  
  31  4:43  Orbital Command  
  30  4:48  Hellion x2  
  35  5:00  SCV  
  35  5:11  SCV  
  35  5:12  SCV  
  36  5:23  SCV  
  36  5:24  SCV  
  37  5:33  Refinery  
  37  5:34  Refinery  
  37  5:36  SCV  
  38  5:50  Supply Depot  
  38  5:51  SCV x2, Hellion x2, Supply Depot  
  44  6:03  SCV x2, Supply Depot  
  46  6:05  Engineering Bay  
  46  6:08  Factory  
  46  6:12  Hellion x2  
  46  6:15  SCV x2  
  52  6:27  SCV x2  
  52  6:28  Supply Depot  
  54  6:37  Factory  
  54  6:39  SCV x2  
  56  6:49  Barracks Tech Lab  
  56  6:51  SCV x2  
  45  7:06  Starport  
  39  7:12  Cyclone  
  42  7:17  SCV x2  
  42  7:20  Command Center  
  44  7:27  Factory Tech Lab  
  44  7:31  SCV x2, Liberator  
  46  7:42  Siege Tank  
  52  7:53  SCV x2  
  54  8:05  SCV x2  
  56  8:09  Hellion x2  
  60  8:13  Siege Tank  
  60  8:14  Hellion  
  60  8:17  SCV x2  
  67  8:29  Missile Turret, Armory, SCV x2  
  67  8:30  Hellion  
  71  8:35  Refinery  
  71  8:39  Orbital Command  
  71  8:41  SCV x2  
  73  8:50  Hellion, Siege Tank x2  
  73  8:52  Hellion  
  73  8:53  SCV  
  73  8:54  SCV  
  85  9:05  SCV  
  85  9:06  SCV  
  87  9:15  Missile Turret x2  
  87  9:18  SCV x3, Armory  
  90  9:30  SCV  
  91  9:43  Starport Reactor  
  91  9:47  Supply Depot  
  91  9:50  Supply Depot  
  91  9:51  Supply Depot  
  91  9:52  Missile Turret  
  91  9:53  Supply Depot  
  91  9:54  Supply Depot  
  91  9:56  Terran Vehicle Weapons Level 1  
  91  9:57  Supply Depot  
  91  9:58  Supply Depot  
  91  10:00  Missile Turret, SCV  
  91  10:01  SCV  
  93  10:11  Thor  
  93  10:12  Thor  
  93  10:23  SCV x2  
  93  10:24  SCV  
  96  10:35  SCV  
  96  10:36  SCV x2  
  99  10:43  Hellion x2  
  99  10:44  Liberator  
  99  10:46  Terran Vehicle And Ship Armor Level 1, Refinery  
  99  10:48  SCV x3  
  106  10:54  Thor  
  121  11:04  Hellion  
  121  11:05  Hellion  
  121  11:07  SCV x2  
  121  11:08  SCV, Thor  
  128  11:19  SCV x2  
  130  11:30  Factory  
  130  11:32  Factory  
  130  11:35  Hellion  
  130  11:36  Hellion  
  130  11:39  Siege Tank  
  137  11:51  Thor  
  140  11:57  Hellion x2  
  88  12:30  Factory Tech Lab x2  
  88  12:33  Factory  
  88  12:37  Command Center  
  88  12:40  Command Center  
  88  12:45  Starport Reactor  
  88  12:46  Factory Tech Lab x2  
  88  12:50  SCV x3  
  91  13:02  SCV  
  92  13:08  Missile Turret  
  92  13:09  Supply Depot  
  92  13:10  Supply Depot, Siege Tank x2  
  98  13:14  Siege Tank  
  98  13:15  Liberator x2, Hellion x2, Siege Tank  
  100  13:29  Hellion  
  108  13:37  Hellion x2  
  112  13:42  Thor, Siege Tank  
  112  13:44  Terran Vehicle Weapons Level 2  
  112  13:46  Thor  
  112  13:47  Siege Tank  
  130  13:50  Hellion  
  132  13:58  Hellion x2  
  132  14:00  Command Center  
  136  14:12  Hellion  
  136  14:15  Hellion  
  140  14:19  Hellion x2  
  140  14:20  Hellion  
  146  14:25  Hellion  
  146  14:30  Hellion  
  138  14:33  Hellion  
  138  14:35  Thor  
  146  14:41  Hellion  
  135  14:46  Thor  
  135  14:50  Thor  
  135  14:51  Planetary Fortress  
  131  15:02  Hellion, Siege Tank, Hellbat x2  
  134  15:18  Siege Tank  
  137  15:24  Hellion x3  
  143  15:29  Refinery, Siege Tank  
  143  15:33  Thor  
  143  15:34  Hellion  
  154  15:38  Refinery  
  154  15:45  Hellion  
  156  15:50  Thor  
  156  15:55  Thor  
  162  16:02  Thor  
  158  16:16  Thor  
  164  16:24  Hellion x3  
  169  16:33  Thor  
  169  16:38  Thor  
  171  16:45  Hellion x3  
  161  16:48  Siege Tank  
  160  17:07  Hellion x3  
Tags
 
Add a new tag
Caveats
  • Supply blocks, unpowered buildings, or Contaminate may cause inaccurate times.
  • Supply counts are checked every 10 seconds.